 Dungeon Crawl Stone Soup version 0.22-a0-429-g97ce8ef (webtiles) character file.

219 Ijustatesigmund the Skirmisher (level 5, 0/85 HPs)
             Began as an Ogre Artificer on May 25, 2018.
             Was an Initiate of the Shining One.
             Succumbed to an adder's poison
             ... on level 3 of the Dungeon.
             The game lasted 00:12:06 (4101 turns).

Ijustatesigmund the Skirmisher (Ogre Artificer)     Turns: 4101, Time: 00:12:07

Health: 0/85       AC: 22    Str: 16    XL:     5   Next: 96%
Magic:  6/6        EV:  1    Int: 12    God:    the Shining One [......]
Gold:   98         SH:  0    Dex: 10    Spells: 4/4 levels left

rFire    . . .     SeeInvis .   a - +0 giant club
rCold    . . .     Gourm    .   (shield currently unavailable)
rNeg     + + +     Faith    .   (armour currently unavailable)
rPois    +         Spirit   .   (helmet currently unavailable)
rElec    .         Reflect  .   (cloak currently unavailable)
rCorr    +         Harm     .   (gloves unavailable)
MR       .....     NoTele   +   (boots unavailable)
Stlth    +.........             (no amulet)
HPRegen  0.24/turn              i - ring of teleportation (curse)
MPRegen  0.10/turn              p - ring of resist corrosion

@: lethally poisoned (0 -> -3), tree-form, hasted, glowing, very quick
A: large, unfitting armour
a: Renounce Religion


You were on level 3 of the Dungeon.
You worshipped the Shining One.
The Shining One was noncommittal.
You were not hungry.
You were a tree.
You visited 2 branches of the dungeon, and saw 6 of its levels.

You collected 98 gold pieces.

Inventory:

Hand Weapons
 a - a +0 giant club (weapon)
Missiles
 k - 7 javelins (quivered)
Armour
 b - a +0 robe (melded)
 j - a scarf of repulsion (melded)
Jewellery
 i - a cursed ring of teleportation (left branch)
 p - a ring of resist corrosion (right branch)
Wands
 c - a wand of flame (1)
 d - a wand of enslavement (1)
 e - a wand of random effects (8)
Scrolls
 n - a scroll of teleportation
Potions
 m - a potion of brilliance
 r - a potion of agility
 s - 2 potions of might
Comestibles
 f - a ration


   Skills:
 + Level 5.4 Fighting
   Level 0.8 Short Blades
 + Level 3.3 Maces & Flails
 - Level 1.7 Dodging
 - Level 0.6 Stealth
 - Level 2.4 Evocations


You had 4 spell levels left.
You didn't know any spells.
Your spell library was empty.

Dungeon Overview and Level Annotations

Branches:
Dungeon (5/15)             Temple (1/1) D:4

Altars:
Ashenzari
Cheibriados
Dithmenos
Elyvilon
Fedhas
Gozag
Hepliaklqana
Kikubaaqudgha
Makhleb
Nemelex Xobeh
Okawaru
Qazlal
Sif Muna
Trog
Uskayaw
Vehumet
Wu Jian
Xom
Yredelemnul
Zin
The Shining One

Annotations:
D:3 KeeTraxx's ghost, amateur DsGl


Innate Abilities, Weirdness & Mutations

You are too large for most types of armour.
((You have tough skin. (AC +1)))


Message History

You feel sick.
Evoke which item? (* to show all) (? for menu, Esc to quit)
Aiming: Enslavement
Press: ? - help, Shift-Dir - straight line, f/p - adder
Aim: an adder (chance to defeat MR: 62%)
The adder resists with significant effort.
* * * LOW HITPOINT WARNING * * *
You feel sick. The adder bites you but does no damage.
Evoke which item? (* to show all) (? for menu, Esc to quit)
Aiming: Enslavement
Press: ? - help, Shift-Dir - straight line, f/p - adder
Aim: an adder (chance to defeat MR: 62%)
The adder resists with significant effort.
The adder bites you but does no damage.
You miss the adder.
* * * LOW HITPOINT WARNING * * *
You feel sick.
The adder bites you but does no damage. x2
You closely miss the adder. The adder bites you but does no damage.
You barely miss the adder.
You die...

## ..
#.###########
#..♣S.......#
######w.#.#.#
###.....# #
[........#.#
####.###w#.#
#.........#
###
#.#.#.....#
#..
#.........#
#..
#..w....#.#
###..


You could see a worm and an adder.

Vanquished Creatures
  An ogre (D:3)
  A howler monkey (D:4)
  2 worker ants (D:4)
  Robin (D:2)
  3 adders
  An ooze (D:1)
  A worm (D:2)
  2 leopard geckos
  2 orcs (D:4)
  3 bats (D:1)
  A bat skeleton (D:2)
  A giant cockroach (D:1)
  11 goblins
  4 hobgoblins
  3 jackals (D:1)
  A quokka (D:2)
  A ball python (D:4)
  5 frilled lizards
  3 kobolds
  3 rats (D:1)
50 creatures vanquished.

Vanquished Creatures (collateral kills)
  2 orcs (D:3)
  A bat (D:2)
  A giant cockroach (D:2)
  4 goblins (D:2)
  2 hobgoblins (D:2)
10 creatures vanquished.

Vanquished Creatures (others)
  A goblin (D:2)
  A rat (D:2)
2 creatures vanquished.

Grand Total: 62 creatures vanquished

Notes
Turn   | Place    | Note
-------+----------+-------------------------------------------
     0 | D:1      | Ijustatesigmund the Ogre Artificer began the quest for the Orb.
     0 | D:1      | Reached XP level 1. HP: 19/19 MP: 2/2
    46 | D:1      | Reached skill level 2 in Fighting
   367 | D:1      | Reached XP level 2. HP: 21/29 MP: 3/3
   558 | D:1      | Reached skill level 1 in Maces & Flails
  1168 | D:1      | Reached skill level 3 in Fighting
  1168 | D:1      | Reached XP level 3. HP: 18/37 MP: 4/4
  1881 | D:2      | Found a faded altar of an unknown god.
  1889 | D:2      | Noticed Robin
  1903 | D:2      | Reached XP level 4. HP: 34/48 MP: 5/5
  1940 | D:2      | Killed Robin
  2483 | D:2      | Reached skill level 4 in Fighting
  2516 | D:3      | Noticed KeeTraxx's ghost (amateur DsGl)
  2728 | D:3      | Noticed a hungry ghost
  3227 | D:4      | Reached XP level 5. HP: 55/55 MP: 6/6
  3506 | D:4      | Found a staircase to the Ecumenical Temple.
  3515 | Temple   | Entered the Ecumenical Temple
  3563 | Temple   | Became a worshipper of the Shining One
  3626 | D:4      | Noticed an ogre
  3968 | D:5      | Entered Level 5 of the Dungeon
  4026 | D:3      | Killed an ogre
  4026 | D:3      | Reached skill level 5 in Fighting
  4092 | D:3      | HP: 2/57 [adder (1)]
  4097 | D:3      | HP: 1/85 [poisoned by an adder]
  4101 | D:3      | Succumbed to an adder's poison

Vault maps used:
D:1:      dpeg_arrival_rhombi
D:2:      first_ration, chequers_ecumenical_altar_simple, minmay_tromino_mix6,
          uniq_robin
D:4:      minmay_temple_entry_enclosed_plants, minmay_bent, uniq_grinder
D:5:      uniq_crazy_yiuf_cottage, uniq_duvessa
Temple:   grunt_wide_crystal_templ

Skill      XL: |  1  2  3  4  5 |
---------------+----------------+-----
Fighting       | 2 3 4 5 |  5.4
Maces & Flails | 1 2 3 |  3.3
Short Blades   | |  0.8
Dodging        | |  1.7
Stealth        | |  0.6
Evocations     | |  2.4

Action                   |  1- 3 |  4- 6 || total
-------------------------+-------+-------++-------
Melee: Short sword       |     9 |       ||     9
       Club              |    75 |       ||    75
       Whip              |    31 |    98 ||   129
       Giant club        |       |    15 ||    15
       Flail             |       |     2 ||     2
Evoke: Wand              |    15 |    20 ||    35
  Use: Scroll            |     3 |     7 ||    10
       Potion            |       |     5 ||     5
 Stab: Sleeping          |     1 |       ||     1
  Eat: Ration            |     1 |     1 ||     2
       Chunk             |       |     3 ||     3
Armor: Robe              |    44 |    16 ||    60
       Skin              |       |     6 ||     6
Dodge: Dodged            |    76 |    60 ||   136

Table legend:
 A = Spawn XP
 B = Non-spawn XP
 C = Spawn XP percentage of total XP
 D = Spawn monster count
 E = Non-spawn monster count
 F = Spawn count percentage of total count
 G = Total turns spent on level
                    A         B        C        D         E        F      G
               +---------+---------+-------+---------+---------+-------+---------
         Total |       0 |     313 |   0.0 |       0 |      60 |   0.0 |  4101
               +---------+---------+-------+---------+---------+-------+---------
           D:1 |       0 |      35 |   0.0 |       0 |      17 |   0.0 |  1483
           D:2 |       0 |      64 |   0.0 |       0 |      29 |   0.0 |  1209
           D:3 |       0 |      67 |   0.0 |       0 |       5 |   0.0 |   407
           D:4 |       0 |     147 |   0.0 |       0 |       9 |   0.0 |   910
               +---------+---------+-------+---------+---------+-------+---------
